 Dungeon Crawl Stone Soup version 0.32-a0-643-ga006e7742e (webtiles) character file.

Game seed: 1301794718599438857

168098 Atlas the Eclecticist (level 17, -5/113 HPs)
             Began as a Demonspawn Fire Elementalist on Mar 8, 2024.
             Was the Champion of Vehumet.
             Slain by a radroach (51 damage)
             ... on level 4 of the Spider Nest.
             The game lasted 01:03:05 (29469 turns).

Atlas the Eclecticist (DsFE)                       Turns: 29469, Time: 01:03:06

Health: -5/113     AC: 20    Str: 12 (13) XL:     17   Next: 32%
Magic:  11/44      EV: 11    Int: 29      God:    Vehumet [******]
Gold:   1301       SH: 12    Dex: 17 (18) Spells: 29/51 levels left

rFire   + + +        Q - +6 Majin-Bo {spellvamp, MP+6 Int+6}
rCold   + + +        e - +2 shield of Resistance {rF++ rC++ Will++}
rNeg    + + .        X - +2 swamp dragon scales
rPois   +            U - +1 hat
rElec   .            d - +2 cloak "Damnable Contraption" {Int+3}
rCorr   +            (gloves unavailable)
SInv    +            W - +0 pair of boots "Hepom" {rF+ rN+ Slay+2}
Will    +++..        r - amulet of magic regeneration
Stlth   +++          O - ring "Yhirich" {rC+ rN+ rCorr Str+3 Dex+2}
HPRegen 0.38/turn    F - ring of see invisible
MPRegen 0.69/turn

%: no passive effects
@: slightly contaminated
A: claws 3, thin metallic scales 2, powered by death 2, demonic magic 2,
corrupting presence 1
a: Renounce Religion


You were on level 4 of the Spider Nest.
You worshipped Vehumet.
Vehumet was exalted by your worship.
You visited 4 branches of the dungeon, and saw 25 of its levels.
You also visited: Bailey and Gauntlet.

You collected 2234 gold pieces.
You spent 933 gold pieces at shops.

Inventory:

Hand Weapons
 f - the +9 flail of the Pariah {vamp, Will+}
   (You took it off a minotaur in a Gauntlet)

   Will+:     It increases your willpower.
 s - a +1 whip of electrocution
 Q - the +6 Majin-Bo (weapon) {spellvamp, MP+6 Int+6}
   (You bought it in a shop on level 12 of the Dungeon)

   Int+6:     It affects your intelligence (+6).
   MP+6:      It affects your magic capacity (+6).
Armour
 d - the +2 cloak "Damnable Contraption" (worn) {Int+3}
   (You found it in a Gauntlet)

   Int+3:     It affects your intelligence (+3).
 e - the +2 shield of Resistance (worn) {rF++ rC++ Will++}
   (You found it in a Gauntlet)

   rF++:      It greatly protects you from fire.
   rC++:      It greatly protects you from cold.
   Will++:    It greatly increases your willpower.
 t - the +2 ring mail "Ezocanem" {rC+}
   (You found it on level 10 of the Dungeon)

   rC+:       It protects you from cold.
 U - a +1 hat (worn)
 W - the +0 pair of boots "Hepom" (worn) {rF+ rN+ Slay+2}
   (You found it in a Gauntlet)

   Slay+2:    It affects your accuracy & damage with ranged weapons and melee
   (+2).
   rF+:       It protects you from fire.
   rN+:       It protects you from negative energy.
 X - +2 swamp dragon scales (worn)
Jewellery
 r - an amulet of magic regeneration (around neck)
 F - a ring of see invisible (right claw)
 K - a ring of willpower
 L - a ring of flight
 M - a ring of willpower
 O - the ring "Yhirich" (left claw) {rC+ rN+ rCorr Str+3 Dex+2}
   (You found it on level 12 of the Dungeon)

   [ring of protection from cold]

   Str+3:     It affects your strength (+3).
   Dex+2:     It affects your dexterity (+2).
   rC+:       It protects you from cold.
   rN+:       It protects you from negative energy.
   rCorr:     It protects you from acid and corrosion.
 T - a +4 ring of protection
Wands
 g - a wand of digging (3)
 m - a wand of mindburst (27)
 p - a wand of charming (29)
 E - a wand of warping (11)
 S - a wand of light (2)
 V - a wand of flame (24)
Scrolls
 b - a scroll of enchant weapon {unknown}
 c - 3 scrolls of amnesia
 h - 4 scrolls of immolation
 i - 7 scrolls of fog
 j - 9 scrolls of teleportation
 n - 4 scrolls of silence
 o - 5 scrolls of poison
 y - a scroll of brand weapon
 G - 2 scrolls of enchant armour
 J - 2 scrolls of noise
 N - 3 scrolls of fear
 Y - a scroll of blinking
Potions
 k - 4 potions of mutation
 l - a potion of berserk rage
 u - a potion of invisibility
 v - a potion of resistance {unknown}
 w - 3 potions of might
 z - 4 potions of haste
 A - 2 potions of curing
 B - 4 potions of attraction
 C - 2 potions of heal wounds
 D - 5 potions of brilliance
 H - a potion of magic
 I - 10 potions of ambrosia
 P - a potion of cancellation {unknown}
 R - 2 potions of lignification {unknown}
 Z - a potion of enlightenment {unknown}
Miscellaneous
 a - a tin of tremorstones (2/2)
 q - a sack of spiders (inert)
 x - a phial of floods


   Skills:
 + Level 4.3 Fighting
 + Level 4.0 Maces & Flails
 + Level 0.1(2.3) Staves
 + Level 7.4 Armour
 + Level 6.6 Dodging
 + Level 5.7 Stealth
 + Level 4.2 Shields
 + Level 0.4 Unarmed Combat
 + Level 17.8 Spellcasting
 + Level 9.1 Conjurations
 * Level 6.6 Necromancy
 + Level 16.5 Fire Magic
 * Level 4.9 Earth Magic
 + Level 0.6 Evocations


You had 29 spell levels left.
You knew the following spells:

 Your Spells              Type           Power      Damage    Failure   Level
a - Scorch                Fire           100%       2d9       0%          2
b - Foxfire               Conj/Fire      100%       2x1d9     1%          1
c - Flame Wave            Conj/Fire      79%        2d17      1%          4
d - Mephitic Cloud        Conj/Alch/Air  43%        N/A       3%          3
e - Borgnjor's Vile Clut  Necr/Erth      28%        N/A       32%         5
f - Orb of Destruction    Conj           34%        9d10      50%         7

Your spell library contained the following spells:

 Spells                   Type           Power      Damage    Failure   Level
 Fireball                 Conj/Fire      39%        3d16      1%          5
 Sting                    Conj/Alch      100%       1d9       1%          1
 Momentum Strike          Conj/Tloc      100%       3d10      1%          2
 Static Discharge         Conj/Air       100%       3-8/arc   1%          2
 Inner Flame              Hex/Fire       65%        N/A       1%          3
 Volatile Blastmotes      Fire/Tloc      100%       2d18      1%          3
 Ignite Poison            Fire/Alch      65%        N/A       1%          4
 Iskenderun's Battlesphe  Conj           68%        2d12      2%          5
 Mercury Vapours          Alch/Air       50%        N/A       5%          2
 Cigotuvi's Dreadful Rot  Necr/Alch/Air  76%        N/A       8%          2
 Freezing Cloud           Conj/Ice/Air   21%        6-21      24%         5
 Anguish                  Hex/Necr       22%        N/A       30%         4
 Olgreb's Toxic Radiance  Alch           25%        N/A       30%         4
 Gell's Gravitas          Tloc           25%        N/A       36%         3
 Dimensional Bullseye     Hex/Tloc       12%        N/A       77%         4
 Manifold Assault         Tloc           25%        N/A       77%         4
 Alistair's Intoxication  Alch           16%        N/A       98%         5
 Eringya's Noxious Bog    Alch           12%        4d6       98%         6
 Sculpt Simulacrum        Ice/Alch       12%        N/A       100%        6
 Enfeeble                 Hex            12%        N/A       100%        7
 Malign Gateway           Summ/Tloc      12%        N/A       100%        7
 Ozocubu's Refrigeration  Ice            12%        4d10      100%        7
 Polar Vortex             Ice            12%        12d1*     100%        9


Dungeon Overview and Level Annotations

Branches:
Dungeon (15/15)            Temple (1/1) D:7            Lair (5/5) D:8
 Shoals (0/4) Lair:3       Spider (4/4) Lair:2        Slime (0/5) Lair:5
    Orc (0/2) D:10         Vaults (0/5) D:13         Depths (0/4) D:15
 Bailey (visited)         Gauntlet (visited)

Altars:
Ashenzari
Cheibriados
Dithmenos
Fedhas
Gozag
Hepliaklqana
Kikubaaqudgha
Makhleb
Nemelex Xobeh
Okawaru
Qazlal
Ru
Sif Muna
Trog
Uskayaw
Vehumet
Wu Jian
Xom
Yredelemnul
Jiyva

Shops:
D:7 *   D:12 (   D:13 (

Annotations:
D:4 3 runed translucent doors, n1000's ghost, amateur CoNe
D:6 3 runed translucent doors, croobank's ghost, weakling DsDe
Lair:1 3 runed translucent doors, dialectric's ghost, novice CoAr
Lair:2 1 runed translucent door, Puxitopt's ghost, journeyman DjCj


Innate Abilities, Weirdness & Mutations

You have claws for hands.
You are mostly covered in thin metallic scales. (AC +3)
You regenerate health from kills.
Spells you cast may paralyse nearby enemies.
Your presence sometimes corrodes those you injure.


Message History

You block the radroach's attack. The ghost moth closely misses you.
You block the ghost moth's attack.
The ghost moth stings you but does no damage.
Unknown command.
Unknown command.
Unknown command.
Okay, then.
Unknown command.
You hit the radroach but do no damage.
The radroach is almost dead.
The ghost moth stares at you.
You feel your power leaking away.
The ghost moth hits you but does no damage.
The ghost moth closely misses you. The ghost moth barely misses you.
You block the radroach's attack. The radroach claws you!
Your scorpion stings the radroach but does no damage.
Your scorpion stings the ghost moth but does no damage.
You block the ghost moth's attack. x2
The ghost moth stings you but does no damage.
The radroach erupts in a fountain of uncontrolled magic!
You are blasted with magical radiation!!
You are lightly contaminated with residual magic.
The ghost moth is blasted with magical radiation!!!
The ghost moth twists and deforms.
Your scorpion is blasted with magical radiation!
Unknown command.
Unknown command.
Okay, then.
Magic courses through your body.
Your scorpion stings the radroach but does no damage.
Your scorpion barely misses the ghost moth.
The ghost moth stares at you.
You feel your power leaking away. The ghost moth hits you.
You feel weakened.
The ghost moth hits you but does no damage.
You block the ghost moth's attack.
The radroach erupts in a fountain of uncontrolled magic!
You are blasted with magical radiation!!!
You die...

####~..y^##
##^#..[...###
##.^#^....^#.##
####...#^....^#..###
#......#.....~#.^.^#####
#^.....#...[.^#^......~#
#^....^#^s.s.^#^......^#
#
#.^....#.By...#.......##
# ##
##^...~^^@..........^^#
## .##
#.....^......~.......#
#. ..##
##.....#~.....#^.....#
#. ...#
#.....#.^^...#...^.~# #.
.#^#
#^....#......#.....^# #.
...##
#.....#......#^....~# #.
#...#
##...^##^....#^....^# #.
##..#
#.).^^#^...≈#.^...^# #.
##.#
#.....#^...^#......# #.


You could see a radroach (distracted, ally target), a ghost moth (invisible,
misshapen) and 2 friendly scorpions.

Vanquished Creatures
  Gastronok (Lair:2)
  2 ghost moths (Spider:4)
  5 emperor scorpions
  A broodmother (Spider:4)
  Nessos (D:15)
  3 spark wasps (Spider:4)
  A minotaur (Gauntlet)
  5 entropy weavers
  2 rakshasas (D:15)
  A vault guard (D:13)
  3 radroaches
  5 hydras
  4 catoblepae
  A jorogumo (Spider:1)
  A merfolk avatar (Lair:5)
  11 death yaks
  2 centaur warriors
  14 boulder beetles
  3 two-headed ogres
  2 tengu warriors
  5 demonic crawlers
  Urug (D:13)
  Sonja (D:13)
  A deep elf knight (D:12)
  A skyshark (Lair:5)
  4 pharaoh ants
  11 orb spiders
  3 deep elf archers (D:12)
  3 steelbarb worms (Spider:3)
  13 deep elf pyromancers
  An orc knight (Bailey)
  A lindwurm (Lair:3)
  A necromancer (D:15)
  7 deep elf zephyrmancers
  An oklob plant (Gauntlet)
  6 cyclopes
  21 wolf spiders
  14 ugly things
  8 meliai
  3 moths of wrath (Spider:4)
  3 manticores
  21 elephants
  12 black mambas
  Joseph (D:9)
  4 torpor snails
  2 centaur skeletons (D:15)
  17 cane toads
  Maggie (Lair:2)
  An unseen horror (shapeshifter) (D:15)
  3 rime drakes
  14 komodo dragons
  2 tengu conjurers
  A queen bee (Lair:1)
  11 trolls
  2 wind drakes (Lair:5)
  5 polar bears
  3 hornets
  A harpy skeleton (D:15)
  31 tarantellas
  15 blink frogs
  2 snapping turtles
  11 slime creatures (D:12)
  34 jumping spiders
  25 culicivoras
  66 yaks
  A yak (shapeshifter) (D:13)
  Sigmund (D:2)
  A shadow (D:10)
  A vampire (D:14)
  A water elemental (Lair:3)
  3 wraiths
  7 wyverns
  A basilisk (shapeshifter) (D:15)
  2 steam dragons
  Grum (D:9)
  3 basilisks
  44 redbacks
  3 swamp worms (Gauntlet)
  3 acid dragons
  12 water moccasins
  12 orc warriors
  An ice beast (shapeshifter) (D:15)
  6 black bears
  19 wolves
  2 laughing skulls (D:15)
  2 ogres (D:10)
  6 centaurs
  2 phantoms
  8 kobold brigands
  16 bullfrogs
  3 gnoll sergeants (D:10)
  3 scorpions
  2 water moccasin zombies (D:5)
  A wyvern skeleton (D:5)
  6 wights
  37 killer bees
  4 howler monkeys
  3 electric eels
  2 bombardier beetles
  3 bullfrog zombies (D:5)
  4 orc priests
  A bullfrog skeleton (D:5)
  6 jellies
  A human zombie (D:5)
  A gnoll bouda (D:7)
  4 hounds
  A human skeleton (D:5)
  Jessica (D:2)
  6 iguanas
  Terence (D:2)
  14 orc wizards
  Ijyb (D:3)
  Natasha (D:3)
  A scorpion zombie (D:5)
  A boggart skeleton (D:15)
  5 hell rats (Lair:3)
  A hound zombie (D:5)
  2 hound skeletons (D:5)
  14 gnolls
  3 adders
  3 white imps
  2 dart slugs (D:1)
  3 ribbon worms
  44 orcs
  10 endoplasms
  2 giant cockroaches
  4 goblins
  4 hobgoblins
  4 jackals
  22 kobolds
  3 quokkas
  5 ball pythons
  3 bats (D:1)
  5 frilled lizards
  3 rats
870 creatures vanquished.

Vanquished Creatures (collateral kills)
  7 foxfires
7 creatures vanquished.

Vanquished Creatures (others)
  A broodmother (Spider:4)
  A sky beast (D:6)
  A hell rat (Lair:3)
  1857 foxfires
1860 creatures vanquished.

Grand Total: 2737 creatures vanquished

Notes
Turn   | Place    | Note
-------+----------+-------------------------------------------
     0 | D:1      | Atlas the Demonspawn Fire Elementalist began the quest for
                  | the Orb.
     0 | D:1      | Reached XP level 1. HP: 13/13 MP: 3/3
   390 | D:1      | Gained mutation: Spells you cast may paralyse adjacent
                  | enemies. [demonic ancestry]
   390 | D:1      | Reached XP level 2. HP: 19/19 MP: 0/5
   398 | D:1      | Learned a level 2 spell: Scorch
  1245 | D:1      | Gained mutation: Spells you cast may paralyse nearby
                  | enemies. [demonic ancestry]
  1245 | D:1      | Reached XP level 3. HP: 21/24 MP: 0/6
  1392 | D:2      | Identified the +3 chain mail of the Black Moon {-Tele
                  | Dex+5}
  1722 | D:2      | Noticed Sigmund
  1722 | D:2      | Noticed Jessica
  1722 | D:2      | You fall into a shaft and drop 2 floors!
  1853 | D:4      | Found a radiant altar of Vehumet.
  1928 | D:3      | HP: 1/24 [hound (2)]
  2098 | D:3      | Reached XP level 4. HP: 30/30 MP: 1/8
  2273 | D:3      | Noticed Terence
  2340 | D:2      | Killed Terence
  2788 | D:3      | Noticed Ijyb
  2792 | D:3      | Noticed Natasha
  2798 | D:3      | Killed Ijyb
  2799 | D:3      | Reached skill level 3 in Spellcasting
  2799 | D:3      | Reached XP level 5. HP: 27/36 MP: 1/9
  2802 | D:3      | Killed Natasha
  2871 | D:3      | Learned a level 4 spell: Flame Wave
  3110 | D:3      | Reached skill level 1 in Armour
  3442 | D:2      | Killed Sigmund
  3443 | D:2      | Reached skill level 4 in Spellcasting
  3443 | D:2      | Gained mutation: You are partially covered in thin metallic
                  | scales. (AC +2) [demonic ancestry]
  3443 | D:2      | Reached XP level 6. HP: 32/42 MP: 6/12
  3496 | D:2      | Killed Jessica
  3601 | D:4      | Found a runed translucent gate.
  3601 | D:4      | Found a runed translucent gate.
  3601 | D:4      | Found a runed translucent gate.
  3604 | D:4      | Noticed n1000's ghost (amateur CoNe)
  3661 | D:4      | Identified the +5 short sword of Efuvar {drain, *Noise
                  | *Slow Int+2 Dex+8}
  4249 | D:5      | Entered Level 5 of the Dungeon
  4266 | D:5      | Reached XP level 7. HP: 47/47 MP: 6/13
  4279 | D:5      | Found an ancient bone altar of Kikubaaqudgha.
  4354 | D:5      | Reached skill level 5 in Spellcasting
  4354 | D:5      | Reached skill level 5 in Fire Magic
  4606 | D:5      | Reached skill level 1 in Maces & Flails
  4906 | D:5      | Found a burning altar of Makhleb.
  4910 | D:5      | Gained mutation: You regenerate a little health from kills.
                  | [demonic ancestry]
  4910 | D:5      | Reached XP level 8. HP: 53/53 MP: 10/16
  5194 | D:5      | Reached skill level 1 in Fighting
  5751 | D:6      | Reached skill level 6 in Spellcasting
  5849 | D:6      | Found a stormy altar of Qazlal.
  5925 | D:6      | Reached XP level 9. HP: 50/61 MP: 11/19
  6204 | D:6      | Found an iron altar of Okawaru.
  6264 | D:6      | Noticed a kobold demonologist
  6264 | D:6      | Noticed croobank's ghost (weakling DsDe)
  6265 | D:6      | Found a runed translucent gate.
  6265 | D:6      | Found a runed translucent gate.
  6265 | D:6      | Found a runed translucent gate.
  6440 | D:6      | Found a basalt altar of Yredelemnul.
  6600 | D:7      | Found Tuprirou's Assorted Antiques.
  6661 | D:7      | Found a blossoming altar of Fedhas.
  6847 | D:7      | Reached skill level 7 in Spellcasting
  6883 | D:7      | Found a staircase to the Ecumenical Temple.
  6888 | Temple   | Entered the Ecumenical Temple
  7100 | D:7      | Found an ornate altar of the Wu Jian Council.
  7517 | D:8      | Identified a scroll of acquirement
  7517 | D:8      | Acquired the Secrets of the Volley and Nonlocality
  7555 | D:8      | Found a shimmering altar of Xom.
  7590 | D:8      | Found a shimmering altar of Xom.
  7707 | D:8      | Found a flagged portal.
  7725 | Bailey   | Entered a bailey
  7987 | Bailey   | Noticed an orc knight
  8034 | Bailey   | Killed an orc knight
  8035 | Bailey   | Reached skill level 8 in Spellcasting
  8035 | Bailey   | Reached XP level 10. HP: 67/67 MP: 9/22
  8977 | D:8      | Found an opulent altar of Gozag.
  9323 | D:8      | Found a staircase to the Lair.
  9399 | D:9      | Reached skill level 9 in Spellcasting
  9459 | D:9      | Found a shadowy altar of Dithmenos.
  9674 | D:9      | Noticed Grum
  9683 | D:9      | Reached skill level 1 in Shields
  9690 | D:9      | Killed Grum
 10011 | D:9      | Noticed Joseph
 10053 | D:9      | Reached XP level 11. HP: 69/73 MP: 13/24
 10228 | D:9      | Killed Joseph
 10295 | D:9      | Reached skill level 10 in Spellcasting
 10351 | D:9      | Noticed a two-headed ogre
 10355 | D:9      | Killed a two-headed ogre
 10663 | D:9      | Noticed a two-headed ogre
 10671 | D:9      | Killed a two-headed ogre
 10813 | D:9      | Noticed a tengu warrior
 10822 | D:9      | Killed a tengu warrior
 11005 | D:10     | Entered Level 10 of the Dungeon
 11012 | D:10     | Reached skill level 10 in Fire Magic
 11262 | D:4      | Became a worshipper of Vehumet
 11664 | D:10     | Identified the +2 ring mail "Ezocanem" {rC+}
 11707 | D:10     | Found a staircase to the Orcish Mines.
 11715 | D:10     | Reached * piety under Vehumet
 11715 | D:10     | Offered knowledge of Freeze by Vehumet.
 12072 | D:10     | Found a sacrificial altar of Ru.
 12466 | D:11     | Noticed a two-headed ogre
 12472 | D:11     | Killed a two-headed ogre
 12473 | D:11     | Reached skill level 11 in Spellcasting
 13148 | D:11     | Gained mutation: You have sharp fingernails. [demonic
                  | ancestry]
 13148 | D:11     | Reached XP level 12. HP: 80/80 MP: 19/27
 14906 | D:12     | Identified the +2 pair of gloves of Asceticism {rPois rF++
                  | Regen+ Dex-5}
 15075 | D:12     | Reached skill level 5 in Conjurations
 15147 | D:12     | Reached skill level 12 in Spellcasting
 15191 | D:12     | Reached skill level 5 in Armour
 15210 | D:12     | Reached ** piety under Vehumet
 15576 | D:12     | Offered knowledge of Mercury Vapours by Vehumet.
 15661 | D:12     | Identified the ring "Yhirich" {rC+ rN+ rCorr Str+3 Dex+2}
 15977 | D:12     | Found Coonnaely's Weapon Shoppe.
 15985 | D:12     | Bought the +6 Majin-Bo {spellvamp, MP+6 Int+6} for 933 gold
                  | pieces
 15985 | D:12     | Found the +6 Majin-Bo {spellvamp, MP+6 Int+6}
 16158 | D:13     | Gained mutation: You are mostly covered in thin metallic
                  | scales. (AC +3) [demonic ancestry]
 16158 | D:13     | Reached XP level 13. HP: 79/86 MP: 29/29
 16163 | D:12     | HP: 3/86 [white ugly thing (15)]
 16432 | D:13     | Found Wourchock's Antique Weapon Boutique.
 16489 | D:13     | Noticed Sonja
 16496 | D:13     | Killed Sonja
 16535 | D:13     | Noticed Urug
 16554 | D:13     | Killed Urug
 16555 | D:13     | Reached skill level 13 in Spellcasting
 16556 | D:13     | Reached skill level 5 in Stealth
 16775 | D:13     | Found a gate to the Vaults.
 16810 | D:13     | Identified the +1 short sword of Ichejed {venom, rN+}
 17705 | Lair:1   | Entered Level 1 of the Lair of Beasts
 17858 | Lair:1   | Offered knowledge of Mephitic Cloud by Vehumet.
 18128 | Lair:1   | Reached *** piety under Vehumet
 18243 | Lair:1   | Found a runed translucent gate.
 18243 | Lair:1   | Found a runed translucent gate.
 18243 | Lair:1   | Found a runed translucent gate.
 18406 | Lair:1   | Noticed dialectric's ghost (novice CoAr)
 18572 | Lair:1   | Learned a level 3 spell: Mephitic Cloud
 18591 | Lair:2   | Offered knowledge of Sticky Flame by Vehumet.
 18639 | Lair:2   | Noticed Gastronok
 18705 | Lair:2   | Reached skill level 14 in Spellcasting
 18715 | Lair:2   | Killed Gastronok
 18736 | Lair:2   | Noticed Puxitopt's ghost (journeyman DjCj)
 18740 | Lair:2   | Found a runed translucent door.
 18982 | Lair:2   | Reached **** piety under Vehumet
 18984 | Lair:2   | Offered knowledge of Iskenderun's Mystic Blast by Vehumet.
 19109 | Lair:2   | Noticed Maggie
 19123 | Lair:2   | Killed Maggie
 19225 | Lair:2   | Found a hole to the Spider Nest.
 19468 | Lair:3   | Gained mutation: You have very sharp fingernails. [demonic
                  | ancestry]
 19468 | Lair:3   | Reached XP level 14. HP: 93/93 MP: 32/32
 20364 | Lair:3   | Reached ***** piety under Vehumet
 20514 | Lair:3   | Found a staircase to the Shoals.
 20723 | Lair:4   | Offered knowledge of Spellforged Servitor by Vehumet.
 20806 | Lair:4   | Reached skill level 5 in Dodging
 20816 | Lair:4   | Reached skill level 15 in Spellcasting
 21536 | Lair:5   | Entered Level 5 of the Lair of Beasts
 21620 | Lair:5   | Gained mutation: You have claws for hands. [demonic
                  | ancestry]
 21620 | Lair:5   | Reached XP level 15. HP: 100/100 MP: 32/34
 21651 | Lair:5   | Found a gate leading to a gauntlet.
 21667 | Gauntlet | Entered a Gauntlet
 21667 | Gauntlet | Found a transporter.
 21667 | Gauntlet | Found a transporter.
 21683 | Gauntlet | Found a transporter.
 21697 | Gauntlet | Found a transporter.
 21697 | Gauntlet | Found a transporter.
 21701 | Gauntlet | Found a transporter.
 21702 | Gauntlet | Found a transporter.
 21704 | Gauntlet | Found a transporter.
 21724 | Gauntlet | Found a transporter.
 21736 | Gauntlet | Found a transporter.
 21746 | Gauntlet | Found a transporter.
 21763 | Gauntlet | Found a transporter.
 21785 | Gauntlet | Found a transporter.
 21801 | Gauntlet | Found a transporter.
 22071 | Gauntlet | Identified the +2 hat of Goreduvi {-Cast +Inv rF+ Str+2}
 22097 | Gauntlet | Identified the +9 flail of the Pariah {vamp, Will+}
 22097 | Gauntlet | Identified the +8 ice dragon scales of Uci Hisk {rPois rF-
                  | rC++}
 22133 | Gauntlet | Found the +2 shield of Resistance {rF++ rC++ Will++}
 22139 | Gauntlet | Identified the +0 pair of boots "Hepom" {rF+ rN+ Slay+2}
 22154 | Gauntlet | Identified the +2 cloak "Damnable Contraption" {Int+3}
 22154 | Gauntlet | Identified the +0 swamp dragon scales of Fashionability
                  | {rPois rF+ Stlth+}
 22160 | Gauntlet | Got Sif Muna's Incunable of Mischance
 22334 | Lair:5   | Reached skill level 16 in Spellcasting
 22632 | Lair:5   | Found a staircase to the Slime Pits.
 22633 | Lair:5   | Found a viscous altar of Jiyva.
 22738 | Lair:5   | Reached skill level 15 in Fire Magic
 23502 | D:14     | Reached ****** piety under Vehumet
 23801 | D:15     | Entered Level 15 of the Dungeon
 23972 | D:15     | Noticed Nessos
 23977 | D:15     | Killed Nessos
 24650 | D:15     | Found a staircase to the Depths.
 24670 | D:15     | Learned a level 5 spell: Borgnjor's Vile Clutch
 24926 | Spider:1 | Entered Level 1 of the Spider Nest
 25064 | Spider:1 | Reached skill level 1 in Necromancy
 25159 | Spider:1 | Offered knowledge of Orb of Destruction by Vehumet.
 25160 | Spider:1 | Gained mutation: Your presence sometimes corrodes those you
                  | injure. [demonic ancestry]
 25160 | Spider:1 | Reached XP level 16. HP: 106/106 MP: 33/36
 25168 | Spider:1 | Learned a level 7 spell: Orb of Destruction
 25380 | Spider:1 | Reached skill level 1 in Earth Magic
 25547 | Spider:1 | Identified the +4 sling "Yfruhoefuni" {drain, rC+}
 25834 | Spider:1 | Reached skill level 17 in Spellcasting
 28400 | Spider:4 | Entered Level 4 of the Spider Nest
 28415 | Spider:4 | Offered knowledge of Arcjolt by Vehumet.
 28430 | Spider:4 | Reached skill level 5 in Necromancy
 28564 | Spider:4 | Gained mutation: You regenerate health from kills. [demonic
                  | ancestry]
 28564 | Spider:4 | Reached XP level 17. HP: 112/112 MP: 38/38
 28924 | Spider:4 | Offered knowledge of Fireball by Vehumet.
 29469 | Spider:4 | Slain by a radroach

Illustrated notes

Levels and vault maps discovered:
D:1:      dreamdust_arrival_beginning_and_end, layout_loops_ring
D:2:      layout_rooms, uniq_sigmund, uniq_jessica
D:3:      layout_loops_ring, uniq_natasha, uniq_terence, uniq_ijyb
D:4:      layout_loops_corners, general_overflow_altar,
          ebering_ghost_rock_garden, minivault_26
D:5:      layout_basic, lemuel_mausoleum_altar_kikubaaqudgha,
          makhleb_blood_cavern_becter
D:6:      cheibrodos_barr_body, layout_cave_pods, lemuel_doored_altar,
          mainiacjoe_overflow_catch_the_wave, gammafunk_ghost_nasty_kobolds
D:7:      layout_loops_ring, fedhas_altar_1, mainiacjoe_overflow_cross_hatched,
          minmay_temple_entry_nine_rooms, serial_shops, nicolae_stop_n_shop_1
D:8:      layout_basic, kennysheep_mini_moat, tso_metal_star, xom_redecorated,
          erik_lair_dragon, enter_bailey_6
D:9:      minmay_s_stair_smasher, layout_basic,
          nicolae_dithmenos_through_a_glass_darkly, uniq_grum, uniq_joseph
D:10:     layout_loops_corners, nicolae_overflow_crystal_walls,
          kennysheep_orc_monster_closet_entryway, hangedman_decor_peaks_small
D:11:     nicolae_cairo_tiling_very_big, layout_small_grid,
          serial_co_window_serial, co_window_corner_a, co_window_paths_b,
          co_window_corner_a, co_window_corner_a, co_window_of_opportunity_a,
          co_window_of_opportunity_b, co_window_2corner, co_window_2corner,
          co_window_paths_d, glass_columns_a, glass_columns_a
D:12:     minmay_elf_outpost, layout_basic, serial_corexii_hall,
          corexii_hall_statues_x, chequers_hall_statues_wall_a, serial_shops,
          shop
D:13:     layout_roguey, david_vaults_5, serial_shops, nicolae_shop_waterfront,
          uniq_sonja, uniq_urug
D:14:     layout_roguey, nicolae_elevator_lobby_plus
D:15:     grunt_enter_depths_magical_seal, layout_rooms, minmay_misc_feat_doors,
          columned_hall_lemuel, hangedman_decor_points, uniq_nessos
Temple:   kb_temple_of_zot
Lair:1:   layout_gridlike, special_room [special_room_bee],
          ebering_ghost_rock_garden, beast_lair_carwin_4,
          infiniplex_staircase_pool_2, serial_bayou_shore_a
Lair:2:   layout_misc_corridors, hellmonk_spider_entry_not_the_bees,
          hellmonk_ghost_happy_afterlife, lemuel_fruit_fields,
          serial_bayou_shore_b, lemuel_fruit_tree, uniq_gastronok, uniq_maggie
Lair:3:   layout_cave_pods, minmay_shoals_entry_hut, minmay_shattered_shrine,
          grunt_megastairs_1
Lair:4:   layout_roguey, st_stairs_10
Lair:5:   gammafunk_lair_ancient_temple, layout_long_grid,
          nicolae_slime_entry_slimehenge, gauntlet_entry_generic,
          hibernation_bobbens
Spider:1: layout_spider_delve
Spider:2: layout_spider_delve, nicolae_spider_rock_and_or_roll
Spider:3: layout_spider_delve
Spider:4: grunt_spider_rune_parallel, hellmonk_spider_spawner

Skill      XL: |  1  2  3  4  5  6  7  8  9 10 11 12 13 14 15 16 17 |
---------------+----------------------------------------------------+-----
Fire Magic     | 3 4 5 6 8 9 11 12 13 14 15 16 | 16.5
Dodging        | 2 3 4 5 6 |  6.6
Stealth        | 2 3 4 5 |  5.7
Spellcasting   | 3 4 5 6 8 9 11 12 14 15 16 17 | 17.8
Armour         | 1 2 3 4 5 6 7 |  7.4
Maces & Flails | 1 2 3 4 |  4.0
Fighting       | 1 2 3 4 |  4.3
Conjurations   | 2 3 4 5 6 7 8 9 |  9.1
Shields        | 1 2 3 4 |  4.2
Necromancy     | 1 5 6 |  6.6
Earth Magic    | 4 |  4.9
Staves         | |  0.1
Unarmed Combat | |  0.4
Evocations     | |  0.6

Action                     |  1- 3 |  4- 6 |  7- 9 | 10-12 | 13-15 | 16-18 || total
---------------------------+-------+-------+-------+-------+-------+-------++-------
  Melee: Unarmed           |    57 |     9 |       |       |       |       ||    66
         Punch             |     1 |       |       |       |       |       ||     1
         Whip              |       |     1 |   130 |   123 |    43 |       ||   297
         Bo                |       |       |       |       |    14 |    10 ||    24
   Cast: Foxfire           |    34 |    45 |   129 |   177 |   320 |   341 ||  1046
         Scorch            |    24 |    34 |    91 |   235 |   453 |   196 ||  1033
         Flame Wave        |       |       |     6 |    28 |   118 |    84 ||   236
  Evoke: Wand              |       |     7 |       |       |     5 |     1 ||    13
         Sack of spiders   |       |       |       |       |       |     1 ||     1
    Use: Potion            |     1 |       |       |     4 |     4 |     4 ||    13
         Scroll            |       |       |    10 |     2 |    12 |     5 ||    29
   Stab: Paralysed         |     3 |     1 |     4 |    19 |    14 |       ||    41
         Sleeping          |       |     1 |     5 |     3 |       |       ||     9
 Armour: Robe              |    10 |       |       |       |       |       ||    10
         Leather armour    |    28 |    37 |   119 |   101 |       |       ||   285
         Ring mail         |       |       |       |   158 |   111 |       ||   269
         Swamp dragon scal |       |       |       |       |   416 |   366 ||   782
  Dodge: Dodged            |    56 |    21 |    93 |   129 |   227 |   171 ||   697
  Block: Buckler           |       |       |     2 |    46 |    67 |       ||   115
         Kite shield       |       |       |       |       |    74 |   211 ||   285

Table legend: (Time is in decaauts)
 A = Elapsed time spent in this place.
 B = Non-inter-level travel time spent in this place.
 C = Inter-level travel time spent in this place.
 D = Time resting spent in this place.
 E = Time spent auto-exploring this place.
 F = Levels seen in this place.
 G = Mean time per level.
                   A        B        C        D        E       F      G
               +--------+--------+--------+--------+--------+-----+--------+
         Total |  29649 |  27798 |   1851 |   1678 |  19984 |  27 | 1098.1 |
       Dungeon |  18837 |  17476 |   1361 |   1638 |  12777 |  15 | 1255.8 |
        Temple |     60 |      0 |     60 |      0 |      0 |   1 |   60.0 |
          Lair |   5046 |   4736 |    310 |      0 |   3543 |   5 | 1009.2 |
   Spider Nest |   4573 |   4453 |    120 |      0 |   3218 |   4 | 1143.2 |
        Bailey |    607 |    607 |      0 |      6 |    390 |   1 |  607.0 |
      Gauntlet |    524 |    524 |      0 |     34 |     55 |   1 |  524.0 |
               +--------+--------+--------+--------+--------+-----+--------+

Top non-repeatable levels by time:
    D:12: 2365 daAuts
Spider:3: 1807 daAuts
     D:9: 1802 daAuts
    D:11: 1692 daAuts
     D:8: 1499 daAuts
     D:5: 1444 daAuts
     D:1: 1312 daAuts
     D:3: 1276 daAuts
  Lair:3: 1240 daAuts
    D:10: 1176 daAuts
Spider:1: 1152 daAuts
  Lair:5: 1044 daAuts
     D:6: 1005 daAuts
  Lair:1: 984 daAuts
    D:14: 955 daAuts
